 Dungeon Sprint DCSS version 0.30.1-6-gbe392663c4 (webtiles) character file.

Game seed: 13683451199921675935

65 Heoruswealwe the Trooper (level 4, -2/44 HPs)
             Began as a Hill Orc Fighter on Sept 20, 2023.
             Slain by a water moccasin (8 damage)
             ... in the Dungeon (Sprint IX: "|||||||||||||||||||||||||||||").
             The game lasted 00:01:00 (50 turns).

Heoruswealwe the Trooper (Hill Orc Fighter)           Turns: 50, Time: 00:01:01

Health: -2/44      AC:  7    Str: 20    XL:     4   Next: 14%
Magic:  4/4        EV:  9    Int:  8    God:
Gold:   0          SH:  5    Dex: 10    Spells: 3/3 levels left

rFire   . . .        a - +0 war axe
rCold   . . .        c - +0 buckler
rNeg    . . .        b - +0 scale mail
rPois   .            (no helmet)
rElec   .            (no cloak)
rCorr   .            (no gloves)
SInv    .            (no boots)
Will    .....        (no amulet) Stlth
                     (no ring)
HPRegen 0.27/turn    (no ring)
MPRegen 0.09/turn

%: no teleportation
@: lethally poisoned (-2 -> -7)
A: no striking features
a: no special abilities


You were in the Dungeon.
You visited 1 branch

Inventory:

Hand Weapons
 a - a +0 war axe (weapon)
Armour
 b - a +0 scale mail (worn)
 c - a +0 buckler (worn)
Scrolls
 j - a scroll of blinking
Potions
 d - a potion of might
 e - a potion of curing
 f - a potion of heal wounds
 g - a potion of haste
 h - 2 potions of magic
 i - a potion of berserk rage


   Skills:
 + Level 5.8 Fighting
 + Level 5.6 Axes
 + Level 5.3 Armour
 + Level 5.3 Shields


You had 3 spell levels left.
You didn't know any spells.
Your spell library was empty.

Dungeon Overview and Level Annotations

Branches:
Dungeon (1/1)

Altars:


Message History

The scorpion is heavily wounded.
The scorpion barely misses you. The scorpion stings you.
You are poisoned.
The scorpion poisons you!
You slash the scorpion!
You kill the scorpion!
You feel very sick.
The water moccasin bites you but does no damage.
Your Fighting skill increases to level 5!
Your Axes skill gained 2 levels and is now at level 5!
Your Armour skill increases to level 5!
Your Shields skill increases to level 5!
You have reached level 3!
Your experience leads to an increase in your attributes!
Increase (S)trength, (I)ntelligence, or (D)exterity?
You feel stronger. x2
You have reached level 4!
You hit the water moccasin but do no damage.
You feel sick. The water moccasin bites you.
You block the water moccasin's attack.
You barely miss the water moccasin.
You feel sick. The water moccasin bites you.
You are more poisoned.
The water moccasin poisons you!
You hit the water moccasin.
The water moccasin is lightly wounded.
You feel very sick.
The water moccasin bites you but does no damage.
The water moccasin bites you.
You closely miss the water moccasin.
The water moccasin is lightly wounded.
You feel very sick.
The water moccasin completely misses you.
The water moccasin closely misses you.
You barely miss the water moccasin.
The water moccasin is lightly wounded.
You feel sick. The water moccasin bites you.
* * * LOW HITPOINT WARNING * * *
The water moccasin bites you!
You die...

▓+▓
▓.▓
▓.▓
▓.▓
▓.▓
▓g▓
▓S▓
▓@▓
▓.▓
▓.▓
▓.▓
▓.▓
▓)▓
▓.▓
▓.▓
▓.▓


You could see a water moccasin and a gnoll.

Vanquished Creatures
  A scorpion (D)
  A dart slug (D)
  An orc (D)
  2 goblins (D)
  2 kobolds (D)
  A rat (D)
8 creatures vanquished.

Notes
Turn   | Place    | Note
-------+----------+-------------------------------------------
     0 | D        | Heoruswealwe the Hill Orc Fighter began the quest for the
                  | Orb.
     0 | D        | Reached XP level 1. HP: 19/19 MP: 1/1
    29 | D        | Noticed a water moccasin
    29 | D        | Noticed a scorpion
    32 | D        | Reached XP level 2. HP: 28/28 MP: 2/2
    45 | D        | Killed a scorpion
    46 | D        | Reached skill level 5 in Fighting
    46 | D        | Reached skill level 5 in Axes
    46 | D        | Reached skill level 5 in Armour
    46 | D        | Reached skill level 5 in Shields
    46 | D        | Reached XP level 3. HP: 23/37 MP: 3/3
    46 | D        | Reached XP level 4. HP: 27/44 MP: 4/4
    50 | D        | Slain by a water moccasin

Illustrated notes

Levels and vault maps discovered:
D:        linesprint [early_d, line_temple, items_1, d_10, items_2, lair_1,
          lair_end, items_3, orc_1, orc_end, items_4, d_15, swamp_1, shoals_1,
          snake_1, spider_1, d_20, vaults_1, items_5, swamp_end, shoals_end,
          snake_end, spider_end, vaults_end, d_27, items_6, zot_1, zot_end,
          crypt_end, forest_end, elf_end, slime_end, tomb_end, abyss_end,
          pan_hell_end]

Skill      XL: |  1  2 |
---------------+-------+-----
Axes           | 3 5 |  5.6
Fighting       | 4 5 |  5.8
Armour         | 5 |  5.3
Shields        | 5 |  5.3

Action                     |  1- 3 |  4- 6 || total
---------------------------+-------+-------++-------
  Melee: War axe           |    35 |     5 ||    40
 Armour: Scale mail        |    13 |     1 ||    14
  Dodge: Dodged            |    14 |     2 ||    16
  Block: Buckler           |     9 |     1 ||    10
